Map: Ancient Cistern LE

Players

ganfanren

  • Race: Terran Terran
  • League: Silver
  • Spawn Location: 7:00

winzboy - Winner!

  • Race: Protoss Protoss
  • League: Gold
  • Spawn Location: 1:00

VOD

Have the link to the VOD?

Description

Time

  • Played on: May 23, 2023, 1:40 a.m.
  • Length: 3:51
Show
View Real Time Build Order
Export as new Build Order

ganfanren Terran 

Build Orders:  

Get SALT Encoding   

  12  0:13  SCV  
  12  0:14  Supply Depot  
  13  0:25  SCV  
  14  0:37  SCV  
  14  0:40  Barracks  
  15  0:49  SCV  
  16  0:50  Refinery  
  16  1:01  SCV  
  17  1:21  SCV  
  18  1:29  Supply Depot  
  18  1:30  Refinery  
  18  1:33  SCV  
  19  1:52  Barracks  
  19  2:00  Reaper  
  20  2:12  SCV  
  20  2:13  Barracks  
  21  2:24  SCV  
  22  2:33  Reaper  
  22  2:36  SCV  
  24  2:47  Reaper  
  24  2:48  SCV  
  26  3:05  Reaper  
  27  3:27  Factory  
  27  3:35  SCV  
Show
View Real Time Build Order
Export as new Build Order

winzboy Protoss - Winner!

Build Orders: 1 Gate Expand 

Get SALT Encoding   

  12  0:02  Probe  
  13  0:18  Probe  
  14  0:22  Pylon  
  14  0:31  Probe  
  15  0:43  Probe  
  15  0:49  Gateway  
  16  0:55  Probe, Assimilator  
  17  1:07  Probe  
  18  1:20  Probe  
  19  1:31  Nexus  
  19  1:36  Probe  
  20  1:48  Probe  
  20  1:50  Cybernetics Core  
  21  2:00  Probe  
  22  2:12  Probe  
  23  2:17  Assimilator  
  23  2:31  Pylon  
  23  2:36  Stalker  
  23  2:43  Probe  
  26  2:55  Probe  
  27  3:07  Robotics Facility  
  27  3:13  Stalker (Chrono Boost)  
  27  3:14  Gateway  
  27  3:16  Gateway  
  27  3:17  Probe x2  
  30  3:29  Probe  
  30  3:30  Probe  
  32  3:38  Gateway  
  32  3:42  Probe (Chrono Boost)  
Tags
 
Add a new tag
Caveats
  • Supply blocks, unpowered buildings, or Contaminate may cause inaccurate times.
  • Supply counts are checked every 10 seconds.